 Dungeon Crawl Stone Soup version 0.28-a0-1227-ga9037bb4c8 (webtiles) character file.

Game seed: 1878134500261500538

422 HessuHobo the Ruffian (level 6, -4/52 HPs)
             Began as a Draconian Transmuter on Dec 22, 2021.
             Was a Follower of Wu Jian.
             Killed from afar by Ijyb (48 damage)
             ... with a bolt of acid
             ... on level 4 of the Dungeon.
             The game lasted 00:11:29 (5889 turns).

HessuHobo the Ruffian (Draconian Transmuter)        Turns: 5889, Time: 00:11:29

Health: -4/52      AC:  6    Str: 13    XL:     6   Next: 63%
Magic:  9/9        EV: 12    Int: 15    God:    Wu Jian [*.....]
Gold:   232        SH:  0    Dex: 11    Spells: 8/9 levels left

rFire   . . .      SeeInvis .     - Unarmed
rCold   . . .      Faith    .   (no shield)
rNeg    . . .      Spirit   .   (armour unavailable)
rPois   .          Reflect  .   (helmet currently unavailable)
rElec   .          Harm     .   (no cloak)
rCorr   .          Rampage  .   (no gloves)
Will    .....                   (boots currently unavailable)
Stlth   ++........              (no amulet)
HPRegen 0.17/turn               (no ring)
MPRegen 0.11/turn               (no ring)

@: appendages (expiring)
A: horns 2, talons 2, AC +6, unfitting armour, cold-blooded
a: End Transformation, Renounce Religion


You were on level 4 of the Dungeon.
You worshipped Wu Jian.
Wu Jian was aware of your devotion.
You had temporarily grown beastly horns and talons.
You visited 1 branch of the dungeon, and saw 4 of its levels.

You collected 232 gold pieces.

Inventory:

Missiles
 a - 107 stones (quivered)
Armour
 l - a +0 buckler
 p - a +0 pair of gloves
Jewellery
 n - a ring of ice
Scrolls
 c - 2 scrolls of magic mapping {unknown}
 h - a scroll of amnesia {unknown}
 i - 2 scrolls of identify {unknown}
 j - a scroll of silence {unknown}
 m - a scroll of acquirement {unknown}
 o - a scroll of torment {unknown}
Potions
 b - a potion of curing {unknown}
 d - a potion of degeneration {unknown}
 e - a potion of lignification
 f - a potion of invisibility {unknown}
 g - a potion of might {unknown}
 k - 2 potions of flight {unknown}


   Skills:
 - Level 4.0 Fighting
 - Level 1.7 Dodging
 - Level 2.0 Stealth
 + Level 2.7 Shields
 - Level 4.0 Unarmed Combat
 - Level 2.0 Spellcasting
 + Level 4.0 Transmutations


You had 8 spell levels left.
You knew the following spells:

 Your Spells              Type           Power      Damage    Failure   Level
a - Beastly Appendage     Tmut           26%        N/A       4%          1

Your spell library contained the following spells:

 Spells                   Type           Power      Damage    Failure   Level
 Wereblood                Tmut           13%        N/A       6%          2
 Spider Form              Tmut/Pois      7%         N/A       28%         3
 Ice Form                 Ice/Tmut       7%         N/A       67%         4
 Animate Dead             Necr           0%         N/A       91%         4
 Haunt                    Necr/Summ      0%         N/A       100%        7
 Infestation              Necr           0%         N/A       100%        8


Dungeon Overview and Level Annotations

Branches:
Dungeon (4/15)             Temple (0/1) D:4

Altars:
Dithmenos
Uskayaw
Wu Jian

Annotations:
D:4 2 transporters, Fortus's ghost, amateur OgGl; Ijyb


Innate Abilities, Weirdness & Mutations

You have temporarily grown beastly horns and talons.
Your plain brown scales are hard. (AC +6)
You cannot fit into any form of body armour.
You are cold-blooded and may be slowed by cold attacks.


Message History

The Council accepts your kill.
A goblin comes into view. It is wielding a +0 club.
The goblin hits you but does no damage.
Your Transmutations skill increases to level 4!
You hit the goblin.
You kill the goblin!
The Council accepts your kill.
Throw: 111 stones
Press: ? - help, Q - select action, (/) - cycle Shift-Dir - straight line, f - goblin
Aim: a goblin, wielding a +0 club (50% to hit)
You throw a stone.
The stone hits the goblin but does no damage.
Throw: 110 stones
Press: ? - help, Q - select action, (/) - cycle Shift-Dir - straight line, f/p - goblin
Aim: a goblin, wielding a +0 club (50% to hit)
You throw a stone.
The stone hits the goblin but does no damage.
Throw: 109 stones
Press: ? - help, Q - select action, (/) - cycle Shift-Dir - straight line, f/p - goblin
Aim: a goblin, wielding a +0 club (50% to hit)
You throw a stone. The stone barely misses the goblin.
Throw: 108 stones
Press: ? - help, Q - select action, (/) - cycle Shift-Dir - straight line, f/p - goblin
Aim: a goblin, wielding a +0 club (50% to hit)
You throw a stone. The stone closely misses the goblin.
You hit the goblin but do no damage. You headbutt the goblin.
You kill the goblin!
The Council accepts your kill.
No target in view!
You start resting.
Your transformation is almost over.
You start resting.
Ijyb the Twisted Goblin comes into view.
She is wielding a +0 dagger and carrying a wand of acid (6).
Ijyb is nearby!
Press: ? - help, . - travel You can't see that place. [a rock wall.] Ijyb zaps a wand.
The bolt of acid hits you!!!
Ouch! That really hurt!
You die...

####
#.........#
#.. ..#
#.#########
#.# #### #.#
#.# #..
#....#.###.#
###
#..g.g.#.#
####)#.#.####
...#.#....#
.....#.####.#
#####.#@# #.#
#(#.# #.#
#(#.# #.#
#(#.# #.#
#.####.#
#......#
########


You could see Ijyb.

Vanquished Creatures
  A necrophage (D:4)
  A howler monkey (D:4)
  An orc priest (D:4)
  Terence (D:2)
  4 orc wizards
  An adder skeleton (D:4)
  2 dart slugs
  3 worms
  10 orcs
  5 bats
  8 endoplasms
  3 giant cockroaches
  8 hobgoblins
  18 jackals
  4 quokkas
  6 ball pythons
  9 frilled lizards
  13 goblins
  6 kobolds
  2 rats
106 creatures vanquished.

Notes
Turn   | Place    | Note
-------+----------+-------------------------------------------
     0 | D:1      | HessuHobo the Draconian Transmuter began the quest for the
                  | Orb.
     0 | D:1      | Reached XP level 1. HP: 16/16 MP: 3/3
    43 | D:1      | Found a faded altar of an unknown god.
   196 | D:1      | Reached skill level 1 in Stealth
   204 | D:1      | Reached XP level 2. HP: 18/23 MP: 3/5
  1099 | D:1      | Reached XP level 3. HP: 26/29 MP: 4/6
  1652 | D:2      | Found Ahef's Jewellery Shoppe.
  1700 | D:2      | Noticed Terence
  1717 | D:2      | Killed Terence
  1921 | D:2      | Reached XP level 4. HP: 25/37 MP: 5/7
  2986 | D:2      | Found a hide-covered altar of Uskayaw.
  3434 | D:3      | Reached XP level 5. HP: 23/46 MP: 8/8
  3798 | D:3      | Found a shadowy altar of Dithmenos.
  3800 | D:3      | Found an ornate altar of the Wu Jian Council.
  3807 | D:3      | Became a worshipper of the Wu Jian Council
  5053 | D:4      | Reached skill level 1 in Shields
  5062 | D:4      | Reached XP level 6. HP: 41/52 MP: 9/9
  5255 | D:4      | Found a transporter.
  5395 | D:4      | Noticed Fortus's ghost (amateur OgGl)
  5418 | D:4      | Found a transporter.
  5503 | D:4      | Reached * piety under Wu Jian
  5574 | D:4      | Found a staircase to the Ecumenical Temple.
  5886 | D:4      | Noticed Ijyb
  5889 | D:4      | Killed from afar by Ijyb

Illustrated notes

Levels and vault maps discovered:
D:1:      dpeg_arrival_line_fractal, layout_basic,
          hellmonk_ecumenical_altar_arch_garden
D:2:      layout_loops_ring, basic_altar, serial_shops, nicolae_shop_trees,
          minmay_lizard_pond, uniq_terence
D:3:      layout_basic, jmf_multi_god_temple, st_stairs_5
D:4:      layout_basic, minmay_temple_entry_purple_smoke, gammafunk_ghost_arena,
          uniq_ijyb

Skill      XL: |  1  2  3  4  5  6 |
---------------+-------------------+-----
Stealth        | 1 2 |  2.0
Fighting       | 2 4 |  4.0
Unarmed Combat | 4 |  4.0
Shields        | 1 2 |  2.7
Transmutations | 3 4 |  4.0
Dodging        | |  1.7
Spellcasting   | |  2.0

Action                   |  1- 3 |  4- 6 || total
-------------------------+-------+-------++-------
Melee: Unarmed           |   103 |   233 ||   336
       Punch             |     3 |     2 ||     5
       Kick              |    15 |    25 ||    40
       Tailslap          |     7 |    19 ||    26
       Headbutt          |     9 |    18 ||    27
Throw: Stone             |    66 |    32 ||    98
 Cast: Beastly Appendage |    16 |    18 ||    34
Invok: Lunge             |       |     6 ||     6
  Use: Potion            |       |     1 ||     1
 Stab: Sleeping          |     1 |     1 ||     2
Armor: Skin              |    32 |    84 ||   116
Dodge: Dodged            |    81 |   101 ||   182
Block: Buckler           |       |     3 ||     3

Table legend: (Time is in decaauts)
 A = Elapsed time spent in this place.
 B = Non-inter-level travel time spent in this place.
 C = Inter-level travel time spent in this place.
 D = Time resting spent in this place.
 E = Time spent auto-exploring this place.
 F = Levels seen in this place.
 G = Mean time per level.
                   A        B        C        D        E       F      G
               +--------+--------+--------+--------+--------+-----+--------+
         Total |   5885 |   5815 |     70 |   2943 |   1938 |   4 | 1471.2 |
       Dungeon |   5885 |   5815 |     70 |   2943 |   1938 |   4 | 1471.2 |
               +--------+--------+--------+--------+--------+-----+--------+

Top non-repeatable levels by time:
     D:2: 2024 daAuts
     D:1: 1657 daAuts
     D:3: 1180 daAuts
     D:4: 1023 daAuts
